 Dungeon Crawl Stone Soup version 0.27.0-1-g7a089689b8 (webtiles) character file.

Game seed: 5652180758387531338

44 EnegeticOcto the Shield-Bearer (level 3, 33/34 HPs)
             Began as a Deep Dwarf Fighter on Aug 2, 2021.
             Was a Follower of Nemelex Xobeh.
             Quit the game on level 2 of the Dungeon.
             The game lasted 00:00:33 (911 turns).

EnegeticOcto the Shield-Bearer (Deep Dwarf Fighter)  Turns: 911, Time: 00:00:33

Health: 33/34      AC:  8    Str: 20    XL:     3   Next: 41%
Magic:  3/3        EV:  7    Int:  8    God:    Nemelex Xobeh [*.....]
Gold:   44         SH: 14    Dex: 12    Spells: 2/2 levels left

rFire    . . .     SeeInvis .   a - +0 war axe
rCold    . . .     Faith    .   c - +0 kite shield
rNeg     . . .     Spirit   .   b - +0 scale mail
rPois    .         Reflect  +   (no helmet)
rElec    .         Harm     .   (no cloak)
rCorr    .         Rampage  .   i - +0 pair of gloves
Will     .....                  (no boots)
Stlth    ..........             k - amulet of reflection
HPRegen  0.00/turn              (no ring)
MPRegen  0.08/turn              (no ring)

@: no status effects
A: damage resistance, heal wounds, sense surroundings 1, no regeneration
a: Heal Wounds, Renounce Religion, Draw Escape, Draw Destruction, Draw Summoning


You were on level 2 of the Dungeon.
You worshipped Nemelex Xobeh.
Nemelex Xobeh was aware of your devotion.
You visited 1 branch of the dungeon, and saw 2 of its levels.

You collected 44 gold pieces.

Inventory:

Hand Weapons
 a - a +0 war axe (weapon)
Armour
 b - a +0 scale mail (worn)
 c - a +0 kite shield (worn)
 i - a +0 pair of gloves (worn)
Jewellery
 k - an amulet of reflection (around neck)
Scrolls
 e - a scroll of vulnerability {unknown}
 f - a scroll of silence {unknown}
 g - a scroll of blinking {unknown}
 h - 2 scrolls of identify {unknown}
 j - 3 scrolls of immolation {unknown}
Potions
 d - a potion of might {@q3}
 l - a potion of brilliance {unknown}


   Skills:
 + Level 3.0 Fighting
 * Level 3.1 Axes
 + Level 3.6 Armour
 + Level 3.6 Shields


You had 2 spell levels left.
You didn't know any spells.
Your spell library was empty.

Dungeon Overview and Level Annotations

Branches:
Dungeon (2/15)

Altars:
Nemelex Xobeh


Innate Abilities, Weirdness & Mutations

You are resistant to damage.
You can heal yourself by infusing magical energy.
You passively map a small area around you.
You do not regenerate.


Message History

Your shield prevents you from hitting the kobold.
The kobold is severely wounded.
The kobold barely misses you. The kobold hits you but does no damage.
You hit the kobold.
You kill the kobold!
No target in view!
Things that are here:
a +0 short sword; 2 stones; a kobold corpse
k - an amulet of reflection
Found a stone staircase leading up.
Found 16 poisoned darts.
A worm comes into view.
The worm bites you.
Found a stone staircase leading down.
You hit the worm.
The worm is moderately wounded.
You block the worm's attack.
You slash the worm!
The worm is severely wounded.
The worm bites you but does no damage.
You hit the worm.
The worm is severely wounded.
The worm misses you.
You completely miss the worm.
The worm is severely wounded.
You barely miss the worm.
The worm is severely wounded.
The worm bites you but does no damage.
You hit the worm.
The worm is severely wounded.
The worm completely misses you.
You barely miss the worm.
The worm is severely wounded.
You block the worm's attack.
You slash the worm!
You kill the worm!
No target in view!
No target in view!
No target in view!
No target in view!
No target in view!
You start putting on your amulet.
You continue putting on your amulet of reflection. x5
You finish putting on your amulet of reflection.
You feel a shielding aura gather around you.
k - an amulet of reflection (around neck)
An endoplasm comes into view.
The endoplasm quivers.
You see here a worm corpse.
An endoplasm is nearby!
An endoplasm is nearby!
You feel much better.
An endoplasm is nearby!
An endoplasm is nearby!
An endoplasm is nearby!
An endoplasm is nearby!
An endoplasm is nearby!
You slash the endoplasm!
You kill the endoplasm!
No target in view!
No target in view!
No target in view!
No target in view!
No target in view!
No target in view!
You open the door.
An endoplasm comes into view.
Found a faded altar of an unknown god.
An endoplasm is nearby!
An endoplasm is nearby!
An endoplasm is nearby!
An endoplasm is nearby!
An endoplasm is nearby!
Found a fuming silvery potion.
There is an open door here.
You slash the endoplasm!
You kill the endoplasm!
No target in view!
No target in view!
No target in view!
No target in view!
No target in view!
No target in view!
No target in view!
No target in view!
No target in view!
No target in view!
No target in view!
No target in view!
No target in view!
No target in view!
No target in view!
There is a faded altar of an unknown god here.
You cannot tell which god this altar belongs to.
Convert to them anyway?
Nemelex Xobeh accepts your prayer! Nemelex Xobeh welcomes you!
You can now draw from decks of power.
Nemelex will now gift you decks of power as you gain piety.
l - a fuming silvery potion Are you sure you want to abandon this character and quit the game? (Confirm with "yes".)

.#.##.##.# #..# #####.#
.#....##.# ##+### ###'.#
.......#.# *#..###..#.#
.#..#..#.# #...8...#.#**
.........# * ###.....##.. *
.#...#.####.... #.._.8#..##
*
.....†.........##.....##.#
...........>...#.......#.#
*
#.#.(##........#@.###..###*
#.#............+###*###+
#.#.###.#.##### * ,, ,
#.#.#*#.#.# * ** * #....
..#.# ,,, ###.# ###.# * **
* * * , , *,


There were no monsters in sight!

Vanquished Creatures
  An adder (D:2)
  A worm (D:2)
  A dart slug (D:1)
  7 endoplasms
  3 goblins (D:1)
  A hobgoblin (D:1)
  4 kobolds
  3 ball pythons (D:1)
  4 bats
  4 rats
29 creatures vanquished.

Notes
Turn   | Place    | Note
-------+----------+-------------------------------------------
     0 | D:1      | EnegeticOcto the Deep Dwarf Fighter began the quest for the
                  | Orb.
     0 | D:1      | Reached XP level 1. HP: 20/20 MP: 1/1
   123 | D:1      | Reached XP level 2. HP: 18/27 MP: 2/2
   793 | D:2      | Reached XP level 3. HP: 26/34 MP: 3/3
   899 | D:2      | Found a faded altar of an unknown god.
   906 | D:2      | Became a worshipper of Nemelex Xobeh the Trickster
   906 | D:2      | Reached * piety under Nemelex Xobeh
   911 | D:2      | Quit the game

Illustrated notes

Levels and vault maps discovered:
D:1:      co_arrival_square_in_a_square_in_a_square, layout_loops_cross
D:2:      layout_loops_cross, hellmonk_ecumenical_altar_slurped_away

Skill      XL: |  1  2 |
---------------+-------+-----
Axes           | 3 |  3.1
Fighting       | 3 |  3.0
Armour         | |  3.6
Shields        | |  3.6

Action                   || total
-------------------------++-------
Melee: War axe           ||    88
 Abil: Heal Wounds       ||     2
Armor: Scale mail        ||    53
Dodge: Dodged            ||    26
Block: Kite shield       ||    49
